 Dungeon Crawl Stone Soup version 0.29-a0-67-g1d65ae1bb4 (webtiles) character file.

Game seed: 12524079988480907254

57 Jannitor the Chopper (level 3, 0/51 HPs)
             Began as a Deep Dwarf Berserker on Feb 3, 2022.
             Was a Follower of Trog.
             Slain by a gnoll (10 damage)
             ... on level 2 of the Dungeon.
             The game lasted 00:01:50 (973 turns).

Jannitor the Chopper (Deep Dwarf Berserker)          Turns: 973, Time: 00:01:51

Health: 0/51       AC:  9    Str: 22    XL:     3   Next: 73%
Magic:  3/3        EV:  8    Int:  7    God:    Trog [*.....]
Gold:   105        SH:  0    Dex: 12    Spells: 2/2 levels left

rFire   . . .      SeeInvis .   a - +0 hand axe
rCold   . . .      Faith    .   (no shield)
rNeg    . . .      Spirit   .   i - +0 chain mail
rPois   .          Reflect  .   (no helmet)
rElec   .          Harm     .   (no cloak)
rCorr   .          Rampage  .   (no gloves)
Will    .....                   (no boots)
Stlth   ..........              (no amulet)
HPRegen 0.00/turn               (no ring)
MPRegen 0.08/turn               (no ring)

@: berserking (expiring), very quick
A: damage resistance, heal wounds, sense surroundings 1, no regeneration
a: Heal Wounds, Renounce Religion, Berserk


You were on level 2 of the Dungeon.
You worshipped Trog.
Trog was aware of your devotion.
You visited 1 branch of the dungeon, and saw 2 of its levels.

You collected 105 gold pieces.

Inventory:

Hand Weapons
 a - a +0 hand axe (weapon)
Armour
 b - a +0 animal skin
 g - a +0 ring mail
 i - a +0 chain mail (worn)
Scrolls
 d - a scroll of torment {unknown}
 e - 2 scrolls of identify {unknown}
 h - 3 scrolls of teleportation {unknown}
 l - a scroll of amnesia {unknown}
Potions
 c - a potion of haste {unknown}
 f - a potion of heal wounds {unknown}
 j - a potion of attraction {unknown}
 k - a potion of magic {unknown}
 m - a potion of cancellation {unknown}


   Skills:
 + Level 3.1 Fighting
 * Level 4.1 Axes
 + Level 2.9 Armour
 - Level 2.6 Dodging


You had 2 spell levels left.
You didn't know any spells.
Your spell library was empty.

Dungeon Overview and Level Annotations

Branches:
Dungeon (2/15)

Altars:


Innate Abilities, Weirdness & Mutations

You are resistant to damage.
You can heal yourself by infusing magical energy.
You passively map a small area around you.
You do not regenerate.


Message History

The endoplasm moves out of view.
A giant cockroach and a gnoll come into view.
Found a mace.
The gnoll shouts!
You hear a shout! x2
A gnoll comes into view. It is wielding a +0 whip.
A bat comes into view.
The gnoll shouts!
A gnoll comes into view. It is wielding a +0 club.
A gnoll comes into view.
It is wielding a +0 whip and wearing the +3 leather armour "Zyash" {Harm rC+ Str-3 Int+5}.
The bat hits you. The bat barely misses you.
A red film seems to cover your vision as you go berserk!
You feel yourself moving faster!
You feel mighty! The bat closely misses you.
The giant cockroach closely misses you. x2
You hit the giant cockroach.
You kill the giant cockroach!
Trog accepts your kill.
You hit the gnoll. The bat hits you but does no damage.
You slash the gnoll!
You kill the gnoll!
Trog accepts your kill.
You hit the bat.
You kill the bat!
Trog accepts your kill. The gnoll hits you with a +0 club.
* * * LOW HITPOINT WARNING * * *
The gnoll hits you with a +0 halberd.
* * * LOW HITPOINT WARNING * * *
Things that are here:
a bat corpse; a giant cockroach corpse You barely miss the gnoll.
You closely miss the gnoll. The gnoll barely misses you.
The gnoll hits you with a +0 halberd.
* * * LOW HITPOINT WARNING * * *
You hit the gnoll.
The gnoll is moderately wounded.
You barely miss the gnoll. The gnoll hits you with a +0 club.
You hit the gnoll.
The gnoll is heavily wounded.
You hit the gnoll. The gnoll hits you with a +0 halberd!
You die...

..............#......##.#
#.########.####......##.#
#.########.# #......##.#
#..........# #########.#
#.########## #.# #####
#.# * #########.# #....
#.# ,, ,
#.#.......#####.... #.#,
,,, * #.#######..........
#.#
*####)@######.#####....
#.#, #....ggJ.....# #....
#.. , +..####g####..#
#.... ,#. #... ,#..#
#.... * #.....*#..# ###.#
* #.......#..# #.#
...........## #.#
+.#..)....#.# #..
,..##.....##.# ###


You could see 3 gnolls and an endoplasm.

Vanquished Creatures
  A gnoll (D:2)
  An adder (D:2)
  A dart slug (D:2)
  3 ball pythons
  6 bats
  4 endoplasms
  2 giant cockroaches (D:2)
  4 goblins
  5 hobgoblins
  2 kobolds
  A frilled lizard (D:1)
  3 rats
33 creatures vanquished.

Notes
Turn   | Place    | Note
-------+----------+-------------------------------------------
     0 | D:1      | Jannitor the Deep Dwarf Berserker began the quest for the
                  | Orb.
     0 | D:1      | Reached XP level 1. HP: 20/20 MP: 1/1
   312 | D:1      | Reached XP level 2. HP: 14/27 MP: 2/2
   715 | D:2      | Reached XP level 3. HP: 16/34 MP: 3/3
   785 | D:2      | Reached skill level 4 in Axes
   964 | D:2      | Identified the +3 leather armour "Zyash" {Harm rC+ Str-3
                  | Int+5}
   973 | D:2      | Slain by a gnoll

Illustrated notes

Levels and vault maps discovered:
D:1:      ebering_trefoil_twist, layout_basic
D:2:      layout_basic, minmay_nonomino_d4

Skill      XL: |  1  2  3 |
---------------+----------+-----
Fighting       | 3 |  3.1
Axes           | 4 |  4.1
Armour         | |  2.9
Dodging        | |  2.6

Action                   || total
-------------------------++-------
Melee: Hand axe          ||    96
Invok: Berserk           ||     2
Armor: Animal skin       ||     4
       Ring mail         ||    15
       Chain mail        ||    35
Dodge: Dodged            ||    58

Table legend: (Time is in decaauts)
 A = Elapsed time spent in this place.
 B = Non-inter-level travel time spent in this place.
 C = Inter-level travel time spent in this place.
 D = Time resting spent in this place.
 E = Time spent auto-exploring this place.
 F = Levels seen in this place.
 G = Mean time per level.
                   A        B        C        D        E       F      G
               +--------+--------+--------+--------+--------+-----+--------+
         Total |    989 |    953 |     36 |     28 |    654 |   2 |  494.5 |
       Dungeon |    989 |    953 |     36 |     28 |    654 |   2 |  494.5 |
               +--------+--------+--------+--------+--------+-----+--------+

Top non-repeatable levels by time:
     D:1: 576 daAuts
     D:2: 413 daAuts
